 Dungeon Crawl Stone Soup version 0.29-a0-506-ga2e7fffb44 (webtiles) character file.

Game seed: 1441866799369305899

3480 happo123 the Covert (level 10, -6/59 HPs)
             Began as a Kobold Enchanter on May 28, 2022.
             Was an Initiate of Fedhas.
             Mangled by an unseen horror (10 damage)
             ... on level 7 of the Dungeon.
             The game lasted 00:37:28 (7557 turns).

happo123 the Covert (Kobold Enchanter)              Turns: 7557, Time: 00:37:29

Health: -6/59      AC:  3    Str:  6    XL:     10   Next: 27%
Magic:  26/27      EV: 19    Int: 20    God:    Fedhas [......]
Gold:   401        SH:  5    Dex: 22    Spells: 9/20 levels left

rFire   . . .      SeeInvis .   a - +1 dagger
rCold   . . .      Faith    .   (no shield)
rNeg    . . .      Spirit   .   J - +0 robe {Will+}
rPois   .          Reflect  +   (no helmet)
rElec   .          Harm     .   M - scarf {shadows}
rCorr   .          Rampage  .   (no gloves)
Will    +....                   z - +0 pair of boots
Stlth   +++++.....              e - amulet of reflection
HPRegen 0.19/turn               i - +6 ring of dexterity
MPRegen 0.20/turn               E - ring of magical power

@: no status effects
A: small, no large weapons, nightstalker 3
a: Renounce Religion


You were on level 7 of the Dungeon.
You worshipped Fedhas.
Fedhas was noncommittal.
You visited 2 branches of the dungeon, and saw 8 of its levels.
You also visited: Sewer.

You collected 401 gold pieces.

Inventory:

Hand Weapons
 a - a +1 dagger (weapon)
 k - a +0 dagger of speed
 r - the +1 hand axe of Turmoil {flame, Contam Fragile rElec Int+9}
   (You found it on level 3 of the Dungeon)

   It burns those it strikes, dealing additional fire damage.
   Big, fiery blades are also staple armaments of hydra-hunters.
   Int:       It affects your intelligence (+9).
   rElec:     It insulates you from electricity.
   Contam:    It causes magical contamination when unequipped.
   Fragile:   It will be destroyed if unequipped.
 w - a +0 dagger of electrocution
 L - a +2 vampiric hand axe
Armour
 b - a +0 robe
 z - a +0 pair of boots (worn)
 J - a +0 robe of willpower (worn)
 K - a +2 cloak
 M - a scarf of shadows (worn)
Jewellery
 e - an amulet of reflection (around neck)
 i - a +6 ring of dexterity (left hand)
 A - an amulet of guardian spirit
 E - a ring of magical power (right hand)
 H - a ring of willpower
Scrolls
 g - a scroll of blinking {unknown}
 l - a scroll of amnesia {unknown}
 m - a scroll of fear {unknown}
 n - a scroll of silence {unknown}
 s - 7 scrolls of teleportation
 u - 2 scrolls of fog {unknown}
 v - 3 scrolls of noise {unknown}
 x - 3 scrolls of poison {unknown}
 y - 5 scrolls of identify {unknown}
 D - 2 scrolls of brand weapon {unknown}
 F - a scroll of enchant weapon {unknown}
 I - a scroll of vulnerability {unknown}
Potions
 c - 2 potions of invisibility
 d - a potion of resistance {unknown}
 f - 2 potions of brilliance {unknown}
 h - 3 potions of curing {unknown}
 j - 3 potions of magic {unknown}
 o - a potion of haste {unknown}
 p - 2 potions of flight
 q - 2 potions of heal wounds
 t - 4 potions of might {unknown}
 B - a potion of berserk rage {unknown}
 G - a potion of degeneration {unknown}
 N - a potion of mutation {unknown}


   Skills:
 + Level 5.5 Fighting
 + Level 7.0 Short Blades
 + Level 6.7 Dodging
 + Level 8.5 Stealth
 + Level 5.5 Spellcasting
 * Level 8.2 Hexes


You had 9 spell levels left.
You knew the following spells:

 Your Spells              Type           Power      Damage    Failure   Level
a - Ensorcelled Hibernat  Hex/Ice        44%        N/A       3%          2
b - Tukima's Dance        Hex            38%        N/A       1%          3
c - Confusing Touch       Hex            38%        N/A       1%          3
d - Dazzling Flash        Conj/Hex       44%        N/A       6%          3

Your spell library contained the following spells:

 Spells                   Type           Power      Damage    Failure   Level
 Inner Flame              Hex/Fire       22%        N/A       6%          3
 Foxfire                  Conj/Fire      20%        2x1d5     11%         1
 Sublimation of Blood     Necr           5%         N/A       17%         2
 Conjure Flame            Conj/Fire      5%         6-21      32%         3
 Flame Wave               Conj/Fire      5%         2d5       73%         4
 Petrify                  Tmut/Erth      5%         N/A       73%         4
 Freezing Cloud           Conj/Ice/Air   2%         6-21      97%         5
 Irradiate                Conj/Tmut      2%         3d14      97%         5
 Simulacrum               Ice/Necr       2%         N/A       100%        6
 Polar Vortex             Ice            2%         N/A       100%        9


Dungeon Overview and Level Annotations

Branches:
Dungeon (7/15)             Temple (1/1) D:7           Sewer (visited)

Altars:
Cheibriados
Dithmenos
Elyvilon
Fedhas
Gozag
Hepliaklqana
Kikubaaqudgha
Makhleb
Nemelex Xobeh
Okawaru
Qazlal
Ru
Sif Muna
Trog
Uskayaw
Vehumet
Wu Jian
Xom
Yredelemnul
Zin
The Shining One

Shops:
D:2 (


Innate Abilities, Weirdness & Mutations

You are small and have problems with some larger weapons.
You are completely attuned to the shadows.


Message History

You hit something. You hit something but do no damage.
Something hits you but does no damage. Something hits you.
* * * LOW HITPOINT WARNING * * *
You barely miss something. Something hits you.
* * * LOW HITPOINT WARNING * * *
You feel much better. You block something's attack.
Casting: Confusing Touch (safe; 1% risk of failure)
Confirm with . or Enter, or press ? or * to list all spells.
Your hands begin to glow red.
Something closely misses you. Something hits you but does no damage.
Something closely misses you. Something hits you.
Something completely misses you.
You completely miss something. Something hits you!
* * * LOW HITPOINT WARNING * * *
You hit something but do no damage. You hit something but do no damage.
Something hits you!
* * * LOW HITPOINT WARNING * * *
Something hits you but does no damage.
You hit something but do no damage. You barely miss something.
Something closely misses you. You block something's attack.
You aren't carrying any items that you can evoke.
Hit: a) +1 dagger
Press: ? - help, Dir - move target, f - you
Okay, then.
Throw: 2 throwing nets
Press: ? - help, Q - select action, (/) - cycle Shift-Dir - straight line You throw a throwing net.
Something gets caught in the net!
Something wriggles in the net. x2; All of a sudden the net rips apart!
Throw: throwing net
Press: ? - help, Q - select action, (/) - cycle Shift-Dir - straight line You throw a throwing net.
Something gets caught in the net!
Something wriggles in the net. x2; All of a sudden the net rips apart!
You hit something but do no damage. Something barely misses you.
Something hits you!
You die...
Fedhas appreciates your contribution to the ecosystem.

.................#.#............#
.................#.#...####......
.................#.#...####.#....
..............................>.#
.................#.#...####.#..[#
...................#...####.#...#
.................###.....<#.#..##
.................# #..#####.#...#
................@# #..# #.##..#
.................###..#####.#....
.................<##........#.#..
###########.#..........######.##.
#......#.#.............# #.
#.####.#.#........#.##.# # #.#
#.#..........#.##.#
####.####.############.#..#
##........# #.#.##


There were no monsters in sight!

Vanquished Creatures
  Pikel (D:5)
  Grinder (D:5)
  A steam dragon (D:7)
  Menkaure (D:5)
  A water moccasin (D:7)
  Duvessa (D:6)
  An ice beast (D:5)
  2 black bears (D:5)
  3 sky beasts
  3 ogres
  A centaur (D:6)
  A phantom (D:6)
  2 kobold brigands
  A necrophage (D:6)
  A bullfrog (D:6)
  5 scorpions
  3 wights (D:6)
  Dowan (D:6)
  5 hounds
  3 jellies
  3 iguanas
  2 orc wizards (D:4)
  7 gnolls (D:5)
  7 adders
  A river rat (Sewer)
  2 worms
  4 dart slugs
  7 orcs
  9 ball pythons
  4 bats
  5 endoplasms
  4 giant cockroaches
  15 goblins
  6 hobgoblins
  4 jackals
  13 kobolds
  2 quokkas
  A frilled lizard (D:2)
  8 rats
142 creatures vanquished.

Notes
Turn   | Place    | Note
-------+----------+-------------------------------------------
     0 | D:1      | happo123 the Kobold Enchanter began the quest for the Orb.
     0 | D:1      | Reached XP level 1. HP: 10/10 MP: 3/3
   295 | D:1      | Reached XP level 2. HP: 15/15 MP: 5/5
   323 | D:1      | Learned a level 2 spell: Ensorcelled Hibernation
   651 | D:1      | Reached XP level 3. HP: 20/20 MP: 3/6
   655 | D:1      | Learned a level 3 spell: Tukima's Dance
  1152 | D:2      | Reached skill level 1 in Fighting
  1313 | D:2      | Reached XP level 4. HP: 18/25 MP: 3/7
  1317 | D:2      | Learned a level 3 spell: Confusing Touch
  1516 | D:2      | Found a faded altar of an unknown god.
  1599 | D:2      | Found Rillire's Antique Weapon Boutique.
  1865 | D:3      | Found a glowing drain.
  1869 | Sewer    | Entered a sewer
  1948 | Sewer    | Noticed a kobold brigand
  1952 | Sewer    | Killed a kobold brigand
  1953 | Sewer    | Reached XP level 5. HP: 23/30 MP: 4/9
  1978 | Sewer    | Found a white marble altar of Elyvilon.
  2261 | D:3      | Identified the +1 hand axe of Turmoil {flame, Contam
                  | Fragile rElec Int+9}
  2838 | D:4      | Reached XP level 6. HP: 35/35 MP: 10/10
  2933 | D:4      | Reached skill level 5 in Stealth
  3784 | D:4      | Noticed a sky beast
  3786 | D:4      | Killed a sky beast
  3787 | D:4      | Reached XP level 7. HP: 40/40 MP: 11/11
  3792 | D:4      | Learned a level 3 spell: Dazzling Flash
  3805 | D:5      | Entered Level 5 of the Dungeon
  3844 | D:5      | Noticed Grinder
  3861 | D:5      | Killed Grinder
  3862 | D:5      | Reached skill level 5 in Hexes
  3866 | D:5      | Reached XP level 8. HP: 46/46 MP: 9/13
  4205 | D:5      | Noticed Pikel
  4212 | D:5      | Killed Pikel
  4213 | D:5      | Reached skill level 5 in Short Blades
  4213 | D:5      | Reached skill level 5 in Dodging
  4213 | D:5      | Reached XP level 9. HP: 52/52 MP: 8/15
  4606 | D:5      | Noticed Menkaure
  4610 | D:5      | Killed Menkaure
  5247 | D:6      | Noticed Duvessa
  5250 | D:6      | Noticed Dowan
  5251 | D:6      | Killed Duvessa
  5254 | D:6      | Killed Dowan
  5345 | D:6      | Reached skill level 5 in Spellcasting
  5785 | D:6      | Reached skill level 5 in Fighting
  6085 | D:6      | Reached XP level 10. HP: 59/59 MP: 17/17
  6835 | D:7      | Found a staircase to the Ecumenical Temple.
  6840 | Temple   | Entered the Ecumenical Temple
  6863 | Temple   | Became a worshipper of Fedhas Madash
  7526 | D:7      | HP: 2/59 [something (5)]
  7542 | D:7      | HP: 2/59 [something (9)]
  7557 | D:7      | Mangled by an unseen horror

Illustrated notes

Levels and vault maps discovered:
D:1:      kennysheep_arrival_seaside, layout_loops_ring,
          hangedman_feature_mirror
D:2:      kennysheep_big_flooded_room, layout_rooms,
          chequers_ecumenical_altar_island, serial_shops,
          nicolae_shop_advertising_works [nicolae_subvault_shop_adworks]
D:3:      layout_loops_cross, gup_sewer_entry_spiral
D:4:      layout_loops_ring
D:5:      layout_loops_ring, uniq_menkaure, uniq_pikel, uniq_grinder
D:6:      layout_cave_pods, uniq_duvessa
D:7:      layout_basic, ashenzari_altar_1, minmay_temple_entry_tees
Temple:   mainiacjoe_temple_hex_bubbles

Skill      XL: |  1  2  3  4  5  6  7  8  9 10 |
---------------+-------------------------------+-----
Short Blades   | 2 3 4 5 6 7 |  7.0
Fighting       | 1 2 3 4 5 |  5.5
Dodging        | 3 4 5 6 |  6.7
Hexes          | 4 5 6 7 8 |  8.2
Stealth        | 5 6 8 |  8.5
Spellcasting   | 3 4 5 |  5.5

Action                   |  1- 3 |  4- 6 |  7- 9 | 10-12 || total
-------------------------+-------+-------+-------+-------++-------
Melee: Dagger            |    83 |    98 |   135 |    32 ||   348
       Punch             |       |     3 |     4 |       ||     7
Throw: Throwing net      |       |       |       |     2 ||     2
 Cast: Ensorcelled Hiber |     8 |    24 |    32 |    13 ||    77
       Confusing Touch   |       |     1 |     7 |     4 ||    12
       Dazzling Flash    |       |       |       |     1 ||     1
  Use: Potion            |       |     1 |       |     2 ||     3
       Scroll            |       |       |       |     1 ||     1
 Stab: Sleeping          |    18 |    36 |    34 |    11 ||    99
       Confused          |       |       |     5 |       ||     5
       Distracted        |       |       |     1 |       ||     1
Armor: Robe              |    13 |     6 |     7 |     7 ||    33
Dodge: Dodged            |    43 |    46 |    73 |    19 ||   181
Block: Other             |    15 |    11 |    21 |     9 ||    56
       Reflection        |       |       |     1 |       ||     1

Table legend: (Time is in decaauts)
 A = Elapsed time spent in this place.
 B = Non-inter-level travel time spent in this place.
 C = Inter-level travel time spent in this place.
 D = Time resting spent in this place.
 E = Time spent auto-exploring this place.
 F = Levels seen in this place.
 G = Mean time per level.
                   A        B        C        D        E       F      G
               +--------+--------+--------+--------+--------+-----+--------+
         Total |   7583 |   6938 |    645 |    699 |   4772 |   9 |  842.6 |
       Dungeon |   6841 |   6199 |    642 |    699 |   4308 |   7 |  977.3 |
        Temple |    379 |    376 |      3 |      0 |    349 |   1 |  379.0 |
         Sewer |    361 |    361 |      0 |      0 |    115 |   1 |  361.0 |
               +--------+--------+--------+--------+--------+-----+--------+

Top non-repeatable levels by time:
     D:6: 1302 daAuts
     D:5: 1221 daAuts
     D:1: 985 daAuts
     D:4: 971 daAuts
     D:2: 815 daAuts
     D:7: 801 daAuts
     D:3: 743 daAuts
  Temple: 379 daAuts
   Sewer: 361 daAuts
